 Dungeon Crawl Stone Soup version 0.17.0-28-g6e173f8 (webtiles) character file.

1100 lucasterio the Covered (level 8, -5/70 HPs)
             Began as a Minotaur Fighter on Nov 23, 2015.
             Was an Initiate of Makhleb.
             Killed by nerve-wracking pain
             ... invoked by a shadow imp
             ... summoned by Eustachio
              (10 damage)
             ... on level 6 of the Dungeon.
             The game lasted 00:18:47 (3576 turns).

lucasterio the Covered (Minotaur Fighter)           Turns: 3576, Time: 00:18:48

Health: -5/70      AC: 10    Str: 24    XL:     8   Next: 10%
Magic:  7/7        EV:  7    Int:  5    God:    Makhleb [......]
Gold:   278        SH:  0    Dex:  9    Spells: 0 memorised, 7 levels left

rFire  + . .     SeeInvis .     a - +0 war axe
rCold  x . .     Clarity  .     r - +0 chain mail
rNeg   + . .     SustAt   .     c - +0 shield
rPois  .         Gourm    .     (helmet restricted)
rElec  .         Spirit   .     (no cloak)
rCorr  .         Warding  +     (no gloves)
rMut   .         Stasis   .     (no boots)
MR     .....                    g - amulet of warding
Stlth  ..........               (no ring)
                                v - ring of fire

@: confused, not resistant to hostile enchantments, extremely unstealthy
A: retaliatory headbutt, horns 2
a: Renounce Religion


You were on level 6 of the Dungeon.
You worshipped Makhleb.
Makhleb was noncommittal.
You were not hungry.

You visited 2 branches of the dungeon, and saw 7 of its levels.

You collected 278 gold pieces.

Inventory:

Hand Weapons
 a - a +0 war axe (weapon)
Armour
 c - a +0 shield (worn)
 r - a +0 chain mail (worn)
Jewellery
 g - an amulet of warding (around neck)
 v - a ring of fire (left hand)
 y - an uncursed amulet of resist corrosion {unknown}
Scrolls
 f - 2 scrolls of teleportation {unknown}
 i - 8 scrolls of identify {unknown}
 n - 2 scrolls of noise {unknown}
 o - 3 scrolls of recharging {unknown}
 s - a scroll of fear {unknown}
 u - a scroll of enchant weapon {unknown}
 x - a scroll of torment {unknown}
Potions
 b - a potion of ambrosia {unknown}
 d - 4 potions of might
 j - a potion of lignification {unknown}
 k - a potion of heal wounds {unknown}
 l - 2 potions of berserk rage {unknown}
 m - 2 potions of curing {unknown}
 p - 2 potions of brilliance {unknown}
 q - a potion of agility {unknown}
 t - a potion of degeneration {unknown}
 w - a potion of haste {unknown}
Comestibles
 e - 7 bread rations
 h - 3 meat rations
 z - a slice of pizza


   Skills:
 + Level 6.1 Fighting
 + Level 5.4 Axes
 + Level 7.7 Armour
 + Level 2.6 Dodging
 + Level 0.8 Stealth
 + Level 5.9 Shields


You had 7 spell levels left.
You didn't know any spells.

Dungeon Overview and Level Annotations

Branches:
Dungeon (6/15)             Temple (1/1) D:4

Altars:
Ashenzari
Dithmenos
Kikubaaqudgha
Makhleb
Nemelex Xobeh
Okawaru
Qazlal
Ru
Sif Muna
Trog
Xom
Yredelemnul
Zin
The Shining One

Shops:
D:2 *   D:4 [

Annotations:
D:6 Eustachio


Innate Abilities, Weirdness & Mutations

You reflexively headbutt those who attack you in melee.
You have a pair of horns on your head.


Message History

You bump into the rock wall.
The bat disappears in a puff of smoke!
The quokka disappears in a puff of smoke!
The quasit disappears in a puff of smoke!
Eustachio zaps a wand.
Nothing appears to happen.
The crimson imp barely misses you.
The river rat's attack is warded away.
The shadow imp lashes its tail.
The shadow imp's attack is warded away.
Eustachio asks, "How can you live without manners, virtues and honour?"
The crimson imp's attack is warded away.
You bump into the rock wall.
The shadow imp's attack is warded away.
Eustachio utters an oath, "I will die for my friends!"
The river rat barely misses you. The crimson imp closely misses you.
You hit the shadow imp.
The shadow imp is moderately wounded.
Your shield and chain mail prevent you from hitting the river rat.
You barely miss the crimson imp.
Your chain mail prevents you from hitting the river rat.
The shadow imp gestures at you. Pain shoots through your body!
You die...

....... #.......#
#.......# #.......#
#.......#######
#...)...... ..#
....ยง...# #..
#r#5#.####.#
#.@rb@..##.#
###5#5#.##)#
##.#.#.##.#
.............########
####.##..............
#.).....#.####.##.#
.......#.#.####.##.#
.##..####.#.#........
#.. #.#.#.##.##.#


You could see Eustachio, a crimson imp, 2 river rats, a white imp, a shadow imp
and a bat.

Vanquished Creatures
  Pikel (D:5)
  2 ogres
  A phantom (D:5)
  2 centaur zombies (D:5)
  2 orc priests
  An orc wizard (D:4)
  A giant frog skeleton (D:4)
  Terence (D:2)
  An iguana (D:4)
  2 worker ants (D:5)
  3 adders (D:2)
  2 worms
  A giant gecko (D:4)
  7 orcs
  7 goblins
  10 hobgoblins
  4 jackals (D:3)
  2 quokkas
  A ball python (D:2)
  7 bats
  4 giant cockroaches
  A giant gecko skeleton (D:6)
  4 giant newts
  8 kobolds
  6 rats
81 creatures vanquished.

Vanquished Creatures (others)
  A slave (D:5)
  2 orc wizards (D:5)
  An adder (D:5)
  A shadow imp (D:5)
  An adder zombie (D:5)
  An orc (D:5)
  A quokka (D:5)
8 creatures vanquished.

Grand Total: 89 creatures vanquished

Notes
Turn   | Place    | Note
--------------------------------------------------------------
     0 | D:1      | lucasterio the Minotaur Fighter began the quest for the Orb.
     0 | D:1      | Reached XP level 1. HP: 19/19 MP: 0/0
   101 | D:1      | Reached XP level 2. HP: 25/27 MP: 1/1
   172 | D:1      | Reached skill level 4 in Armour
   672 | D:2      | Noticed Terence
   681 | D:2      | Killed Terence
   681 | D:2      | Reached XP level 3. HP: 23/34 MP: 2/2
   686 | D:2      | Found Zin's Purification Station.
   689 | D:2      | Found a glowing silver altar of Zin.
   931 | D:2      | Reached skill level 1 in Dodging
   931 | D:2      | Reached XP level 4. HP: 41/41 MP: 3/3
  1314 | D:3      | Reached skill level 5 in Armour
  1314 | D:3      | Reached XP level 5. HP: 35/47 MP: 4/4
  1389 | D:3      | Found a shattered altar of Ashenzari.
  1402 | D:3      | Found a sparkling altar of Nemelex Xobeh.
  1402 | D:3      | Found a sacrificial altar of Ru.
  2118 | D:4      | Found Xoqoej's Armour Emporium.
  2187 | D:4      | Reached skill level 5 in Fighting
  2195 | D:4      | Reached XP level 6. HP: 56/56 MP: 5/5
  2255 | D:4      | Found a staircase to the Ecumenical Temple.
  2260 | Temple   | Entered the Ecumenical Temple
  2500 | Temple   | Became a worshipper of Makhleb the Destroyer
  2592 | D:4      | Noticed an ogre
  2597 | D:4      | Killed an ogre
  2597 | D:4      | Reached skill level 5 in Shields
  2715 | D:5      | Entered Level 5 of the Dungeon
  2715 | D:5      | Noticed Pikel
  2732 | D:5      | Killed Pikel
  2732 | D:5      | Reached skill level 5 in Axes
  2732 | D:5      | Reached skill level 6 in Armour
  2732 | D:5      | Reached XP level 7. HP: 15/62 MP: 6/6
  2858 | D:5      | Reached skill level 7 in Armour
  3067 | D:5      | Found a bloodstained altar of Trog.
  3072 | D:5      | Found a deep blue altar of Sif Muna.
  3230 | D:5      | Reached XP level 8. HP: 68/70 MP: 7/7
  3548 | D:6      | Noticed Eustachio
  3576 | D:6      | Killed from afar by a shadow imp

Action                   |  1- 3 |  4- 6 |  7- 9 || total
-------------------------+-------+-------+-------++-------
Melee: War axe           |    84 |    88 |    37 ||   209
  Eat: Chunk             |       |     6 |     3 ||     9
